 Dungeon Crawl Stone Soup version 0.28-a0-1128-gb845255321 (webtiles) character file.

Game seed: 4211152604399941042

146 Gargoyl the Skirmisher (level 5, -6/47 HPs)
             Began as a Gnoll Abyssal Knight on Dec 12, 2021.
             Was a Follower of Lugonu.
             Killed by nerve-wracking pain
             ... invoked by Grinder
              (12 damage)
             ... on level 3 of the Dungeon.
             The game lasted 00:03:23 (2610 turns).

Gargoyl the Skirmisher (Gnoll Abyssal Knight)       Turns: 2610, Time: 00:03:24

Health: -6/47      AC:  6    Str: 14    XL:     5   Next: 28%
Magic:  8/8        EV: 15    Int:  9    God:    Lugonu [*.....]
Gold:   91         SH:  6    Dex: 13    Spells: 6/6 levels left

rFire   . . .      SeeInvis .   a - +3 hand axe
rCold   . . .      Faith    .   d - +2 buckler
rNeg    . . .      Spirit   .   c - +0 ring mail
rPois   .          Reflect  .   (no helmet)
rElec   .          Harm     .   (no cloak)
rCorr   .          Rampage  .   (no gloves)
Will    .....                   (no boots)
Stlth   +.........              l - amulet of magic regeneration
HPRegen 0.15/turn               k - +4 ring of evasion
MPRegen 0.51/turn               (no ring)

@: no status effects
A: fangs 1, strong nose, distributed training
a: Renounce Religion, Depart the Abyss


You were on level 3 of the Dungeon.
You worshipped Lugonu.
Lugonu was aware of your devotion.
You visited 1 branch of the dungeon, and saw 3 of its levels.
You visited the Abyss 1 time.

You collected 91 gold pieces.

Inventory:

Hand Weapons
 a - a +3 hand axe (weapon)
Armour
 c - a +0 ring mail (worn)
 d - a +2 buckler (worn)
Jewellery
 k - a +4 ring of evasion (left hand)
 l - an amulet of magic regeneration (around neck)
Potions
 b - a potion of mutation {unknown}
 f - a potion of haste {unknown}
 g - a potion of resistance {unknown}
 h - a potion of attraction {unknown}
 i - 2 potions of degeneration {unknown}
 j - a potion of might {unknown}


   Skills:
 + Level 6.7 Fighting
 + Level 1.4 Short Blades
 + Level 1.4 Long Blades
 + Level 4.7 Axes
 + Level 1.4 Maces & Flails
 + Level 1.4 Polearms
 + Level 1.4 Staves
 + Level 1.4 Slings
 + Level 1.4 Bows
 + Level 1.4 Crossbows
 + Level 1.4 Throwing
 + Level 4.7 Armour
 + Level 2.9 Dodging
 + Level 1.4 Stealth
 + Level 1.4 Shields
 + Level 1.4 Unarmed Combat
 + Level 1.4 Spellcasting
 + Level 1.1 Conjurations
 + Level 1.1 Hexes
 + Level 1.1 Summonings
 + Level 1.1 Necromancy
 + Level 1.1 Translocations
 + Level 1.1 Transmutations
 + Level 1.1 Fire Magic
 + Level 1.1 Ice Magic
 + Level 1.1 Air Magic
 + Level 1.1 Earth Magic
 + Level 1.1 Poison Magic
 + Level 4.8 Invocations
 + Level 1.4 Evocations


You had 6 spell levels left.
You didn't know any spells.
Your spell library contained the following spells:

 Spells                   Type           Power      Damage    Failure   Level
 Corpse Rot               Necr/Air       4%         N/A       65%         2
 Poisonous Vapours        Pois/Air       4%         N/A       65%         2


Dungeon Overview and Level Annotations

Branches:
Dungeon (3/15)

Altars:

Annotations:
D:3 Grinder


Innate Abilities, Weirdness & Mutations

You have very sharp teeth.
Your uncanny sense of smell can sniff out nearby items.
Your experience applies equally to all skills.


Message History

You writhe in agony.
* * * LOW HITPOINT WARNING * * *
You hit Grinder.
Grinder is severely wounded.
You block Grinder's attack.
You barely miss Grinder.
Grinder is severely wounded.
Grinder closely misses you.
You closely miss Grinder.
Grinder is severely wounded.
Grinder drinks a potion.
Grinder is healed!
You hit Grinder.
Grinder is heavily wounded.
You block Grinder's attack.
You hit Grinder but do no damage.
Grinder is heavily wounded.
Grinder hits you.
* * * LOW HITPOINT WARNING * * *
You closely miss Grinder.
Grinder is heavily wounded.
Grinder says, "What is the universe for?"
Grinder misses you.
You hit Grinder.
Grinder is heavily wounded.
Grinder hits you but does no damage.
Unknown command.
You hit Grinder but do no damage.
Grinder is heavily wounded.
Grinder gestures at you.
You barely resist. Grinder gestures at you.
You suddenly lose the ability to move!
Grinder blinks!
You can move again.
Unknown command.
Unknown command.
Unknown command.
Grinder gestures at you. Pain shoots through your body!
You die...

##### #.....#.#.# .#.#
∆ ##.....#.#.####.#.#
....+
.'............>.#.#
....#
#.......#....#.#.#
....# #.....#......#.#
....# #.....#.#..###.#
....# #
#.....5........#
....#.#
#######....##.#...####
....<..
.......@............#
....#..
#############.#..##.#
....... #.#..# .#
##..... ......# # ...#
##.#.### .# ..#.. # #
∆ ##


You could see Grinder.

Vanquished Creatures
  6 adders
  3 gnolls (D:2)
  2 dart slugs (D:2)
  2 orcs (D:3)
  4 ball pythons
  6 endoplasms
  3 giant cockroaches
  6 goblins
  5 hobgoblins
  3 jackals (D:2)
  2 quokkas
  4 bats
  2 frilled lizards
  3 kobolds (D:1)
  6 rats
57 creatures vanquished.

Vanquished Creatures (others)
  21 plants (D:2)
21 creatures vanquished.

Grand Total: 78 creatures vanquished

Notes
Turn   | Place    | Note
-------+----------+-------------------------------------------
     0 | Abyss:1  | Gargoyl the Gnoll Abyssal Knight began the quest for the
                  | Orb.
     0 | Abyss:1  | Reached XP level 1. HP: 23/23 MP: 3/3
     1 | Abyss:1  | Found a corrupted altar of Lugonu.
    66 | Abyss:1  | Noticed a small abomination
    80 | Abyss:1  | Noticed an apocalypse crab
    84 | D:1      | Escaped the Abyss
   226 | D:1      | Reached XP level 2. HP: 25/29 MP: 5/5
   285 | D:1      | Reached * piety under Lugonu
   694 | D:1      | Reached XP level 3. HP: 33/35 MP: 6/6
   971 | D:2      | Reached skill level 1 in Short Blades
   971 | D:2      | Reached skill level 1 in Long Blades
   971 | D:2      | Reached skill level 1 in Maces & Flails
   971 | D:2      | Reached skill level 1 in Polearms
   971 | D:2      | Reached skill level 1 in Staves
   971 | D:2      | Reached skill level 1 in Slings
   971 | D:2      | Reached skill level 1 in Bows
   971 | D:2      | Reached skill level 1 in Crossbows
   971 | D:2      | Reached skill level 1 in Throwing
   971 | D:2      | Reached skill level 1 in Stealth
   971 | D:2      | Reached skill level 1 in Shields
   971 | D:2      | Reached skill level 1 in Unarmed Combat
   971 | D:2      | Reached skill level 1 in Spellcasting
   971 | D:2      | Reached skill level 1 in Evocations
   971 | D:2      | Reached XP level 4. HP: 20/41 MP: 7/7
  1019 | D:2      | Reached skill level 1 in Conjurations
  1019 | D:2      | Reached skill level 1 in Hexes
  1019 | D:2      | Reached skill level 1 in Summonings
  1019 | D:2      | Reached skill level 1 in Necromancy
  1019 | D:2      | Reached skill level 1 in Translocations
  1019 | D:2      | Reached skill level 1 in Transmutations
  1019 | D:2      | Reached skill level 1 in Fire Magic
  1019 | D:2      | Reached skill level 1 in Ice Magic
  1019 | D:2      | Reached skill level 1 in Air Magic
  1019 | D:2      | Reached skill level 1 in Earth Magic
  1019 | D:2      | Reached skill level 1 in Poison Magic
  1794 | D:2      | Reached XP level 5. HP: 47/47 MP: 8/8
  2308 | D:3      | Found a faded altar of an unknown god.
  2571 | D:3      | Noticed Grinder
  2585 | D:3      | Paralysed by Grinder for 4 turns
  2603 | D:3      | Paralysed by Grinder for 3 turns
  2610 | D:3      | Killed from afar by Grinder

Illustrated notes

Levels and vault maps discovered:
D:1:      dpeg_arrival_rhombus, layout_rooms, minmay_vboxes
D:2:      wad_woods_pond, layout_basic, minmay_misc_feat_roman
D:3:      layout_basic, shapermc_ecumenical_altar_flowoftime,
          chequers_serial_rivers_micro_b, uniq_grinder

Skill      XL: |  1  2  3  4 |
---------------+-------------+-----
Short Blades   | 1 |  1.4
Long Blades    | 1 |  1.4
Maces & Flails | 1 |  1.4
Polearms       | 1 |  1.4
Staves         | 1 |  1.4
Slings         | 1 |  1.4
Bows           | 1 |  1.4
Crossbows      | 1 |  1.4
Throwing       | 1 |  1.4
Stealth        | 1 |  1.4
Shields        | 1 |  1.4
Unarmed Combat | 1 |  1.4
Spellcasting   | 1 |  1.4
Evocations     | 1 |  1.4
Conjurations   | 1 |  1.1
Hexes          | 1 |  1.1
Summonings     | 1 |  1.1
Necromancy     | 1 |  1.1
Translocations | 1 |  1.1
Transmutations | 1 |  1.1
Fire Magic     | 1 |  1.1
Ice Magic      | 1 |  1.1
Air Magic      | 1 |  1.1
Earth Magic    | 1 |  1.1
Poison Magic   | 1 |  1.1
Fighting       | |  6.7
Axes           | |  4.7
Armour         | |  4.7
Dodging        | |  2.9
Invocations    | |  4.8

Action                   |  1- 3 |  4- 6 || total
-------------------------+-------+-------++-------
Melee: Hand axe          |    69 |    82 ||   151
       Bite              |     5 |     4 ||     9
       Punch             |       |     1 ||     1
Invok: Depart the Abyss  |     1 |       ||     1
  Use: Scroll            |     3 |     4 ||     7
       Potion            |       |     4 ||     4
Armor: Ring mail         |    24 |    44 ||    68
       Leather armour    |     1 |       ||     1
Dodge: Dodged            |    36 |    54 ||    90
Block: Buckler           |       |    15 ||    15

Table legend: (Time is in decaauts)
 A = Elapsed time spent in this place.
 B = Non-inter-level travel time spent in this place.
 C = Inter-level travel time spent in this place.
 D = Time resting spent in this place.
 E = Time spent auto-exploring this place.
 F = Levels seen in this place.
 G = Mean time per level.
                   A        B        C        D        E       F      G
               +--------+--------+--------+--------+--------+-----+--------+
         Total |   2629 |   2565 |     64 |    223 |   1815 |   4 |  657.2 |
       Dungeon |   2545 |   2481 |     64 |    223 |   1752 |   3 |  848.3 |
         Abyss |     84 |     84 |      0 |      0 |     63 |   1 |   84.0 |
               +--------+--------+--------+--------+--------+-----+--------+

Top non-repeatable levels by time:
     D:2: 1254 daAuts
     D:1: 719 daAuts
     D:3: 572 daAuts
 Abyss:1: 84 daAuts
